Map: 2000 Atmospheres LE

Players

friedpork

  • Race: Zerg Zerg
  • League: Master
  • Spawn Location: 3:00

Warthog - Winner!

  • Race: Terran Terran
  • League: Master
  • Spawn Location: 7:00

VOD

Have the link to the VOD?

Description

Time

  • Played on: Jan. 4, 2022, 9:41 p.m.
  • Length: 19:18
Show
View Real Time Build Order
Export as new Build Order

friedpork Zerg 

Build Orders: Hatch First 

Get SALT Encoding   

  12  0:00  Drone  
  13  0:12  Overlord  
  13  0:16  Drone  
  14  0:31  Drone x2  
  16  0:48  Hatchery  
  15  0:51  Drone  
  15  0:54  Drone  
  17  0:58  Drone  
  18  1:08  Extractor  
  17  1:13  Spawning Pool  
  17  1:15  Drone  
  17  1:19  Drone  
  18  1:27  Drone  
  19  1:38  Drone  
  20  1:49  Overlord  
  20  2:00  Queen x2  
  24  2:01  Zergling x4  
  26  2:10  Drone  
  26  2:11  Drone  
  26  2:12  Metabolic Boost  
  28  2:21  Drone x2  
  30  2:36  Hatchery  
  29  2:39  Drone x2  
  31  2:44  Overlord  
  31  2:49  Drone  
  32  2:52  Queen  
  34  3:03  Drone x2  
  36  3:10  Queen, Drone x2  
  40  3:14  Drone, Overlord  
  40  3:16  Drone  
  40  3:19  Drone  
  43  3:20  Drone  
  44  3:31  Queen  
  46  3:37  Drone x4  
  50  3:49  Drone x3  
  52  3:55  Queen  
  52  3:58  Queen  
  52  4:01  Drone  
  57  4:04  Baneling Nest, Drone  
  57  4:05  Overlord x3  
  57  4:20  Overlord x2  
  57  4:22  Queen  
  57  4:23  Drone x3, Overlord  
  57  4:24  Drone  
  63  4:26  Drone x2  
  63  4:27  Drone  
  63  4:28  Drone  
  63  4:30  Drone  
  68  4:33  Spore Crawler  
  68  4:34  Spore Crawler  
  68  4:37  Spore Crawler  
  68  4:38  Drone x2  
  67  4:43  Drone x3  
  67  4:44  Drone  
  71  4:47  Drone x2  
  71  4:51  Lair, Extractor  
  71  4:52  Drone  
  73  4:53  Drone  
  73  4:55  Drone  
  73  4:58  Extractor x2  
  73  4:59  Drone x3  
  76  5:03  Zergling x6  
  76  5:04  Zergling x2  
  80  5:09  Drone x3  
  70  5:18  Drone x2  
  62  5:23  Drone x4  
  62  5:27  Drone  
  62  5:28  Drone x3  
  67  5:33  Drone x2  
  69  5:40  Evolution Chamber  
  68  5:46  Drone  
  68  5:47  Drone x2  
  68  5:48  Drone x2  
  73  5:54  Drone  
  73  6:01  Drone x2  
  73  6:09  Drone, Evolution Chamber  
  73  6:14  Zergling x2  
  73  6:15  Zergling x6  
  75  6:20  Drone, Hatchery  
  75  6:21  Drone x4  
  75  6:24  Drone x2  
  80  6:26  Drone  
  80  6:29  Overseer, Drone x2  
  80  6:31  Drone  
  82  6:33  Drone x3  
  82  6:37  Centrifugal Hooks  
  85  6:42  Drone x3  
  85  6:44  Overseer  
  85  6:45  Pneumatized Carapace  
  88  6:48  Drone x2  
  88  6:49  Drone  
  88  6:52  Zerg Missile Weapons Level 1  
  88  6:54  Zerg Melee Weapons Level 1  
  91  6:59  Drone x3, Roach Warren  
  91  7:01  Extractor  
  92  7:02  Drone, Extractor  
  92  7:09  Overlord x2  
  92  7:15  Infestation Pit  
  91  7:16  Drone x3  
  91  7:17  Drone  
  91  7:20  Drone  
  91  7:21  Drone x3  
  99  7:23  Drone  
  99  7:26  Drone  
  99  7:28  Overlord  
  101  7:31  Drone x3  
  101  7:35  Drone  
  104  7:39  Hatchery  
  104  7:42  Drone x3  
  104  7:43  Queen  
  108  7:44  Glial Reconstitution  
  108  7:49  Roach x7  
  122  8:01  Pathogen Glands  
  122  8:02  Burrow  
  122  8:03  Drone  
  122  8:05  Hive  
  123  8:10  Roach x2  
  123  8:11  Overlord x4  
  107  8:28  Roach x12  
  124  8:36  Drone x3  
  124  8:39  Drone  
  124  8:40  Drone  
  128  8:47  Drone x4  
  132  8:55  Infestor x2  
  134  8:58  Neural Parasite  
  132  9:07  Drone x9  
  132  9:09  Hatchery  
  137  9:11  Infestor  
  137  9:12  Infestor  
  137  9:15  Drone x4  
  145  9:30  Infestor  
  147  9:34  Ravager x2, Overlord x10  
  149  9:45  Zerg Melee Weapons Level 2  
  149  9:50  Zergling x6  
  149  9:52  Zerg Missile Weapons Level 2, Overlord x3  
  150  10:02  Zergling x16  
  150  10:03  Zergling x8  
  150  10:05  Ravager x3  
  165  10:25  Spore Crawler, Hatchery  
  149  10:36  Overseer  
  149  10:39  Queen  
  149  10:42  Zergling x32  
  163  10:47  Infestor  
  162  10:50  Zergling x10  
  162  10:57  Queen x3  
  165  10:58  Extractor  
  165  10:59  Drone x5, Extractor  
  172  11:04  Hatchery, Ravager x5  
  172  11:05  Ravager x5  
  172  11:06  Zergling x14  
  172  11:08  Overlord  
  188  11:11  Overlord  
  186  11:18  Spore Crawler  
  186  11:19  Spore Crawler  
  186  11:21  Drone x4  
  186  11:22  Drone x5  
  186  11:24  Baneling x6  
  186  11:25  Baneling x2  
  193  11:27  Drone x2  
  193  11:28  Drone  
  194  11:33  Zergling x8  
  194  11:39  Spine Crawler  
  197  11:54  Queen x3  
  186  12:02  Spore Crawler x2  
  184  12:10  Zergling x32  
  184  12:13  Zerg Missile Weapons Level 3, Zerg Melee Weapons Level 3  
  200  12:15  Spore Crawler  
  200  12:16  Spore Crawler  
  198  12:23  Spire  
  198  12:29  Drone x3  
  199  12:42  Spore Crawler  
  199  12:43  Spore Crawler  
  197  12:45  Spore Crawler  
  197  12:46  Zergling x2  
  197  12:47  Zergling x6  
  197  12:48  Spore Crawler  
  197  12:49  Spore Crawler  
  183  12:58  Zergling x24  
  177  12:59  Zergling x22  
  177  13:02  Zergling x2  
  177  13:05  Baneling x17  
  199  13:06  Baneling x10  
  199  13:07  Zergling x2  
  199  13:10  Zergling x6  
  197  13:18  Zergling x6  
  199  13:21  Zergling x2  
  199  13:22  Zergling x2  
  178  13:28  Zergling x12  
  178  13:32  Zergling x2  
  178  13:33  Zergling x10  
  144  13:41  Zergling x8  
  144  13:43  Queen x3  
  148  13:49  Overseer  
  148  13:50  Drone  
  148  13:51  Drone x4  
  148  13:52  Drone x2  
  151  14:02  Infestor x4  
  159  14:07  Drone x4  
  159  14:08  Queen  
  165  14:12  Roach  
  165  14:13  Infestor, Roach  
  165  14:16  Ravager x2  
  173  14:22  Zerg Flyer Weapons Level 1  
  173  14:24  Spire  
  173  14:25  Overlord  
  173  14:26  Infestor  
  173  14:30  Infestor x4  
  173  14:31  Zergling x28  
  186  14:38  Drone x6  
  181  14:48  Zergling x12  
  166  15:01  Drone x8  
  169  15:11  Drone x6  
  169  15:14  Extractor x2  
  172  15:19  Zergling x10  
  172  15:20  Infestor x4  
  172  15:21  Infestor x3  
  176  15:24  Hatchery  
  172  15:29  Zergling x10, Hatchery  
  172  15:32  Zergling x2  
  177  15:36  Zergling x2  
  178  15:46  Zergling x16  
  172  16:02  Infestor  
  162  16:06  Zergling x18  
  162  16:07  Baneling x8  
  171  16:12  Zergling x8  
  171  16:18  Drone, Spine Crawler x3  
  176  16:19  Spine Crawler  
  176  16:22  Infestor x3  
  176  16:24  Drone  
  176  16:25  Drone  
  174  16:33  Hatchery  
  174  16:34  Zergling x8  
  156  16:45  Roach x5  
  150  16:54  Drone x2  
  150  16:55  Drone x2  
  150  16:56  Drone  
  150  16:57  Drone  
  140  17:01  Drone x3  
  140  17:05  Infestor x4, Hatchery, Overlord  
  142  17:15  Drone x6  
  148  17:23  Ravager x5  
  148  17:24  Ravager  
  154  17:31  Infestor  
  141  17:49  Roach x9  
  142  17:55  Drone  
  142  17:58  Extractor  
  142  18:00  Drone  
  142  18:04  Drone  
  123  18:17  Drone x2  
  121  18:23  Infestor  
  123  18:38  Drone  
  123  18:39  Drone x3  
Show
View Real Time Build Order
Export as new Build Order

Warthog Terran - Winner!

Build Orders: Liberator Opening, Reaper Expand, Mech 

Get SALT Encoding   

  12  0:00  SCV  
  13  0:12  SCV  
  14  0:17  Supply Depot  
  14  0:24  SCV  
  15  0:38  SCV  
  15  0:40  Barracks  
  16  0:43  Refinery  
  16  0:50  SCV  
  17  1:02  SCV  
  18  1:18  SCV  
  19  1:30  Reaper  
  19  1:31  Orbital Command  
  20  1:40  Command Center  
  20  1:50  Supply Depot  
  20  1:56  SCV  
  21  2:02  Marine  
  21  2:08  Factory  
  22  2:10  SCV  
  22  2:14  Refinery  
  23  2:20  Barracks Reactor  
  24  2:22  SCV  
  24  2:34  SCV  
  25  2:47  SCV  
  26  2:53  Starport  
  26  3:02  Orbital Command  
  26  3:04  SCV  
  27  3:10  Hellion x2  
  31  3:17  SCV  
  32  3:20  Barracks Tech Lab  
  32  3:27  Supply Depot  
  32  3:30  SCV x2  
  32  3:31  Hellion  
  32  3:32  Hellion  
  37  3:42  Liberator, SCV  
  37  3:43  SCV  
  42  3:51  Supply Depot  
  42  3:53  Hellion x2  
  42  3:55  SCV x2  
  48  4:07  SCV x2  
  50  4:15  Command Center  
  50  4:19  SCV  
  50  4:21  Hellion  
  50  4:22  Hellion  
  56  4:24  Liberator, SCV  
  56  4:30  Supply Depot  
  56  4:31  SCV  
  60  4:33  Refinery  
  60  4:35  Refinery  
  60  4:40  SCV  
  60  4:43  SCV  
  66  4:52  Hellion x2  
  66  4:53  SCV  
  66  4:55  SCV  
  68  5:05  SCV  
  67  5:07  SCV  
  67  5:14  Hellion  
  64  5:17  SCV  
  64  5:19  SCV, Hellion  
  66  5:23  Armory  
  66  5:24  Armory  
  66  5:27  Factory  
  62  5:28  Factory  
  62  5:29  SCV  
  62  5:31  SCV  
  62  5:34  Orbital Command  
  62  5:35  Hellion  
  64  5:38  Starport Tech Lab  
  64  5:43  Factory  
  64  5:44  Barracks Reactor, Factory  
  64  5:52  SCV x2  
  61  6:04  Orbital Command  
  61  6:07  SCV x2  
  62  6:13  Starport Tech Lab  
  62  6:15  Hellion x2  
  66  6:34  SCV x2  
  66  6:40  Factory Tech Lab  
  66  6:41  Banshee  
  66  6:42  Infernal Pre-Igniter  
  66  6:43  Cyclone, Hellion x2, Refinery  
  66  6:46  Refinery  
  76  6:47  Terran Vehicle Weapons Level 1, Terran Vehicle And Ship Armor Level 1  
  76  6:48  SCV x3  
  76  6:54  Supply Depot  
  79  6:55  Supply Depot x2  
  79  6:56  Supply Depot  
  79  7:00  SCV x3  
  82  7:08  Cyclone  
  85  7:10  Mag-Field Accelerator  
  91  7:15  Cyclone, SCV x3  
  91  7:16  Hellion x2  
  95  7:27  SCV x3  
  95  7:29  Supply Depot  
  98  7:31  Supply Depot  
  98  7:40  SCV x2  
  98  7:43  Cyclone  
  98  7:44  Hellion x2  
  105  7:49  SCV  
  106  7:52  SCV x2  
  106  7:55  Supply Depot x2, Siege Tank x2  
  114  8:03  Command Center  
  114  8:12  Hellion, Banshee  
  118  8:13  Hellion  
  118  8:15  Siege Tank  
  124  8:27  Cyclone, Hellion x2, Siege Tank  
  123  8:29  SCV x2  
  122  8:34  Hellion  
  122  8:37  SCV  
  122  8:40  Factory  
  122  8:41  SCV x2  
  117  8:42  Factory  
  117  8:43  Factory  
  117  8:45  Hellion  
  117  8:47  Cyclone  
  117  8:48  Hellion x2  
  124  8:53  Terran Vehicle Weapons Level 2, Terran Vehicle And Ship Armor Level 2  
  124  8:55  SCV x2, Hellion  
  128  8:59  Cyclone x2  
  126  9:11  SCV x2  
  126  9:14  Supply Depot  
  126  9:16  Supply Depot  
  128  9:19  Refinery  
  128  9:20  Refinery  
  128  9:21  Engineering Bay  
  128  9:22  SCV x2  
  128  9:23  Cyclone, SCV  
  134  9:31  Cyclone, Factory Tech Lab x2  
  134  9:37  Supply Depot  
  137  9:39  Supply Depot  
  137  9:40  Cyclone, Hellion x2  
  144  9:45  SCV x2  
  144  9:47  Planetary Fortress  
  144  9:55  Cyclone  
  147  10:02  Factory Tech Lab  
  147  10:03  Command Center, Siege Tank x2  
  153  10:12  Siege Tank  
  156  10:16  Siege Tank  
  159  10:27  Siege Tank  
  139  10:35  Siege Tank  
  139  10:36  Siege Tank  
  139  10:37  Siege Tank  
  143  10:44  Thor  
  143  10:47  Hellion  
  143  10:48  Siege Tank  
  143  10:49  Hellion x2  
  158  10:50  Hellion  
  155  10:59  Hellion  
  157  11:08  Hellion  
  157  11:09  Hellion  
  157  11:11  Hellion x3  
  167  11:19  Hyperflight Rotors, Banshee  
  167  11:20  Thor x2  
  167  11:22  Hellion x2  
  186  11:27  Terran Vehicle Weapons Level 3, Terran Vehicle And Ship Armor Level 3, Hellion  
  186  11:30  Hellion  
  186  11:32  Hellion x3  
  194  11:55  Smart Servos  
  194  11:56  Hellion  
  194  11:57  Hellion x3  
  196  12:18  Hellion x2  
  200  12:29  Banshee  
  191  12:37  Siege Tank  
  191  12:38  Siege Tank  
  197  12:48  Hellion  
  181  13:29  Hellion, Siege Tank x3  
  181  13:30  Hellion  
  181  13:33  Siege Tank  
  156  13:34  Banshee  
  156  13:35  Planetary Fortress  
  156  13:38  Thor x2  
  156  13:39  Hellion  
  150  13:44  Command Center  
  150  13:47  Command Center  
  144  13:55  Hellion x2  
  148  13:59  Hellion  
  148  14:01  Thor x2  
  159  14:26  Command Center  
  159  14:31  Hellion x4, Command Center  
  167  14:36  Missile Turret x2  
  167  14:38  Cyclone, Hellion x2  
  170  14:41  Missile Turret  
  170  14:42  Refinery  
  170  14:43  Refinery, Orbital Command, Hellion  
  160  14:56  Hellion x2  
  150  15:13  Cyclone, Banshee  
  154  15:14  Cyclone x2  
  154  15:15  Hellion  
  154  15:17  Refinery  
  154  15:18  Hellion x4  
  168  15:40  Refinery  
  168  15:48  Thor x2  
  168  15:49  Cyclone x2, Hellion x2  
  181  15:54  Hellion x3  
  181  15:56  Siege Tank, Banshee  
  169  15:58  Starport  
  169  16:00  Starport  
  165  16:15  Siege Tank  
  168  16:20  Hellion x3  
  168  16:21  Siege Tank x2  
  178  16:26  Orbital Command  
  178  16:28  Siege Tank  
  178  16:31  Siege Tank x2  
  184  16:40  Hellion  
  184  16:41  Hellion  
  184  16:45  Hellion x2  
  190  16:47  Thor  
  190  16:54  Cyclone, Hellion  
  186  16:58  Banshee  
  186  17:00  Hellion  
  181  17:03  Cyclone  
  181  17:04  Cyclone, Hellion  
  185  17:28  Cyclone, Hellion x3  
  180  17:46  Refinery x2  
  169  18:05  Hellion x3  
  169  18:14  Cyclone, Hellion x3  
  168  18:21  Hellion x3, Banshee  
  168  18:22  Starport Tech Lab x2  
  168  18:26  Hellion  
  179  18:28  Planetary Fortress  
  179  18:29  Planetary Fortress  
  179  18:32  Orbital Command  
  179  18:42  Command Center x2  
  179  18:49  Command Center  
  179  19:01  Command Center  
Tags
 
Add a new tag
Caveats
  • Supply blocks, unpowered buildings, or Contaminate may cause inaccurate times.
  • Supply counts are checked every 10 seconds.